Map: Romanticide LE

Players

Pumba - Winner!

  • Race: Zerg Zerg
  • League: Diamond
  • Spawn Location: 5:00

Geo

  • Race: Zerg Zerg
  • League: Diamond
  • Spawn Location: 11:00

VOD

Have the link to the VOD?

Description

Time

  • Played on: Aug. 17, 2021, 7:59 p.m.
  • Length: 5:04
Show
View Real Time Build Order
Export as new Build Order

Pumba Zerg - Winner!

Build Orders: Pool First, Zergling Baneling 

Get SALT Encoding   

  12  0:01  Drone  
  13  0:13  Overlord  
  13  0:22  Drone  
  14  0:31  Drone  
  14  0:32  Drone  
  16  0:40  Drone  
  17  0:45  Spawning Pool  
  17  0:48  Drone  
  17  1:10  Hatchery  
  16  1:12  Drone  
  16  1:14  Extractor  
  16  1:16  Drone  
  17  1:21  Drone  
  18  1:30  Drone  
  19  1:32  Queen  
  19  1:39  Overlord  
  21  1:52  Zergling x2  
  22  2:01  Drone  
  22  2:08  Queen  
  25  2:18  Drone  
  25  2:19  Metabolic Boost  
  26  2:24  Drone  
  26  2:25  Drone  
  28  2:36  Hatchery  
  27  2:41  Baneling Nest  
  26  2:48  Drone  
  26  2:49  Drone x2  
  26  2:50  Drone  
  30  3:01  Overlord  
  30  3:05  Drone x2  
  31  3:10  Zergling x6  
  34  3:21  Overlord  
  34  3:26  Drone x4  
  38  3:27  Zergling x4  
  40  3:37  Zergling x2  
  41  3:42  Baneling x3  
  41  3:44  Baneling x3  
  41  3:46  Zergling x4  
  43  3:50  Zergling x10  
  48  3:57  Zergling x6  
  51  4:10  Zergling x8  
  51  4:11  Baneling  
  51  4:12  Baneling x3  
  55  4:21  Overlord  
  55  4:23  Zergling x6  
  51  4:44  Baneling  
  51  4:45  Baneling x3  
Show
View Real Time Build Order
Export as new Build Order

Geo Zerg 

Build Orders: Hatch First 

Get SALT Encoding   

  12  0:00  Drone  
  13  0:08  Drone  
  14  0:17  Overlord  
  14  0:28  Drone, Extractor  
  15  0:36  Drone x2  
  17  0:52  Hatchery  
  17  0:55  Drone  
  17  1:09  Spawning Pool  
  16  1:12  Drone  
  16  1:17  Drone  
  18  1:19  Drone  
  19  1:26  Drone, Extractor  
  19  1:37  Drone  
  20  1:55  Queen  
  22  2:05  Queen  
  24  2:12  Zergling x4  
  24  2:13  Zergling x4  
  28  2:25  Drone, Spine Crawler  
  28  2:34  Overlord  
  28  2:54  Drone x5  
  33  3:07  Drone x3  
  36  3:18  Evolution Chamber  
  35  3:21  Evolution Chamber  
  35  3:25  Queen  
  36  3:27  Overlord  
  36  3:42  Baneling Nest, Overlord  
  36  3:45  Drone  
  36  3:47  Drone x4  
  40  3:50  Drone  
  40  3:53  Drone  
  40  3:54  Drone  
  40  3:55  Drone  
  44  3:59  Overlord  
  44  4:07  Hatchery  
  44  4:08  Drone  
  44  4:12  Drone x2  
  44  4:13  Drone  
  47  4:26  Baneling x2  
  47  4:27  Baneling  
  47  4:36  Zergling x2  
  38  4:44  Zergling x18  
Tags
 
Add a new tag
Caveats
  • Supply blocks, unpowered buildings, or Contaminate may cause inaccurate times.
  • Supply counts are checked every 10 seconds.